 Dungeon Crawl Stone Soup version 0.30-a0-377-g5cb311bc9f (webtiles) character file.

Game seed: 12959697957665915718

206898 MackTheKnife the Warrior (level 18, -5/202 HPs)
             Began as a Demonspawn Cinder Acolyte on Nov 28, 2022.
             Was a High Priest of Ignis.
             Slain by the 27-headed Lernaean hydra (7 damage)
             ... on level 4 of the Swamp.
             The game lasted 01:27:52 (39438 turns).

MackTheKnife the Warrior (DsCA)                    Turns: 39438, Time: 01:27:53

Health: -5/202     AC: 34    Str: 34    XL:     18   Next: 46%
Magic:  21/21      EV: 17    Int: 16    God:    Ignis [*****.]
Gold:   533        SH: 15    Dex: 17    Spells: 17/34 levels left

rFire   . . .      SeeInvis .      - Unarmed
rCold   + . .      Faith    .    I - +2 kite shield {AC+3}
rNeg    + + .      Spirit   .    (body armour currently unavailable)
rPois   ∞          Reflect  .    x - +2 helmet
rElec   +          Harm     .    (cloak unavailable)
rCorr   .          Rampage  .    (gloves currently unavailable)
Will    +....      Clarity  +    (boots currently unavailable)
Stlth   ++........               Z - macabre finger necklace {rN+}
HPRegen 0.53/turn                S - ring of Zurph {Ice MP-9 Str+5 Dex+9 Slay+3}
MPRegen 0.17/turn                J - ring of wizardry
                                 f - +6 ring of strength

@: statue-form, studying Fighting, very slow
A: slow and powerful, torment resistance 1, boosted hp, (molten scales 2),
ignite blood 3, powered by pain 2, augmentation 1, weakness stinger 3, clarity
a: End Transformation, Renounce Religion, Fiery Armour, Foxfire Swarm


You were on level 4 of the Swamp.
You worshipped Ignis.
Ignis was extremely pleased with you.
You were a living statue of rough stone.
You visited 6 branches of the dungeon, and saw 30 of its levels.
You also visited: Ossuary and Ice Cave.

You collected 3174 gold pieces.
You spent 2641 gold pieces at shops.


Innate Abilities, Weirdness & Mutations

You are a living statue of rough stone.
Your actions are slow, but your melee attacks are powerful.
You are resistant to unholy torment.
Your maximum health is greatly increased.
You are immune to poison.
Your equipment is partially melded.
((You are mostly covered in molten scales. (AC +3)))
Your demonic aura causes all spilled blood to erupt in flames.
You sometimes gain power by taking damage.
Your magical and physical power is slightly enhanced at high health.
You have a sharp stinger which inflicts weakening toxins.
You possess an exceptional clarity of mind.


   Skills:
 + Level 17.8 Fighting
 - Level 7.3 Armour
 - Level 11.2 Dodging
 - Level 12.6 Shields
 - Level 16.3 Unarmed Combat
 - Level 8.5 Spellcasting
 - Level 9.6 Transmutations
 - Level 2.6 Fire Magic
 - Level 9.6 Earth Magic


You had 17 spell levels left.
You knew the following spells:

 Your Spells              Type           Power      Damage    Failure   Level
a - Scorch                Fire           30%        2d7       4%          2
b - Statue Form           Tmut/Erth      24%        N/A       24%         6
c - Petrify               Tmut/Erth      37%        N/A       1%          4
d - Irradiate             Conj/Tmut      11%        3d15      32%         5

Your spell library contained the following spells:

 Spells                   Type           Power      Damage    Failure   Level
 Freeze                   Ice            40%        1d6       9%          1
 Kiss of Death            Conj/Necr      24%        2d7       9%          1
 Magic Dart               Conj           24%        1d4       9%          1
 Slow                     Hex            24%        N/A       9%          1
 Summon Small Mammal      Summ           24%        N/A       9%          1
 Ice Form                 Ice/Tmut       33%        N/A       12%         4
 Searing Ray              Conj           12%        2d4       13%         2
 Sublimation of Blood     Necr           6%         N/A       13%         2
 Inner Flame              Hex/Fire       11%        N/A       16%         3
 Call Canine Familiar     Summ           6%         N/A       26%         3
 Confusing Touch          Hex            6%         N/A       26%         3
 Dazzling Flash           Conj/Hex       12%        N/A       26%         3
 Frozen Ramparts          Ice            20%        1d4       26%         3
 Hailstorm                Conj/Ice       10%        3d5       26%         3
 Ozocubu's Armour         Ice            10%        N/A       26%         3
 Summon Guardian Golem    Hex/Summ       6%         N/A       26%         3
 Vampiric Draining        Necr           6%         2d6       26%         3
 Alistair's Intoxication  Tmut/Pois      14%        N/A       32%         5
 Borgnjor's Vile Clutch   Necr/Erth      11%        N/A       32%         5
 Flame Wave               Conj/Fire      11%        2d6       43%         4
 Sticky Flame             Conj/Fire      11%        2d3       43%         4
 Dispel Undead            Necr           6%         3d8       61%         4
 Fulminant Prism          Conj/Hex       3%         3d5       61%         4
 Iskenderun's Mystic Bla  Conj/Tloc      6%         2d4       61%         4
 Summon Ice Beast         Ice/Summ       10%        N/A       61%         4
 Eringya's Noxious Bog    Tmut/Pois      11%        N/A       85%         6
 Metabolic Englaciation   Hex/Ice        5%         N/A       90%         5
 Summon Forest            Summ/Tloc      3%         N/A       90%         5
 Summon Mana Viper        Hex/Summ       6%         N/A       90%         5
 Starburst                Conj/Fire      5%         6d4       99%         6
 Simulacrum               Ice/Necr       5%         N/A       100%        6
 Monstrous Menagerie      Summ           3%         N/A       100%        7
 Summon Hydra             Summ           3%         N/A       100%        7

Inventory:

Armour
 x - a +2 helmet (worn)
   (You took it off Robin on level 3 of the Dungeon)
 A - a +2 pair of gloves (melded)
   (You found it on level 7 of the Dungeon)
 I - a +2 kite shield of protection (worn)
   (You took it off a naga warrior on level 3 of the Snake Pit)
 M - a +2 pair of boots (melded)
   (You bought it in a shop on level 2 of the Orcish Mines)
 Q - the +18 shield of the Gong {rElec rN+ Will+ EV-5}
   (You acquired it on level 1 of the Snake Pit)

   It is deafeningly noisy when blocking attacks.
   EV:        It affects your evasion (-5).
   rElec:     It insulates you from electricity.
   rN:        It protects you from negative energy.
   Will:      It increases your willpower.
 R - a +0 robe of willpower (melded)
   (You took it off an orc wizard on level 2 of the Orcish Mines)
 V - +4 swamp dragon scales
   (You took it off Maggie on level 7 of the Dungeon)
Jewellery
 c - a ring of fire
   (You found it on level 10 of the Dungeon)
 d - a +6 ring of intelligence
   (You took it off a naga sharpshooter on level 2 of the Snake Pit)
 f - a +6 ring of strength (on amulet)
   (You took it off a naga warrior on level 2 of the Snake Pit)
 i - a ring of protection from cold
   (You took it off a naga sharpshooter on level 3 of the Snake Pit)
 t - a ring of resist corrosion
   (You took it off a naga on level 3 of the Snake Pit)
 v - a ring of magical power
   (You found it on level 14 of the Dungeon)
 C - an amulet of guardian spirit
   (You found it on level 4 of the Dungeon)
 F - a ring of positive energy
   (You found it on level 5 of the Lair of Beasts)
 G - an amulet of reflection
   (You found it on level 5 of the Dungeon)
 H - the ring "Uttofrel" {Ice rN+ rCorr Dex+4}
   (You found it in an ice cave)

   [ring of ice]

   It enhances your ice magic.
   Dex:       It affects your dexterity (+4).
   rF:        It makes you vulnerable to fire.
   rC:        It protects you from cold.
   rN:        It protects you from negative energy.
   rCorr:     It protects you from acid and corrosion.
 J - a ring of wizardry (right fist)
   (You acquired it on level 15 of the Dungeon)
 S - the ring of Zurph (left fist) {Ice MP-9 Str+5 Dex+9 Slay+3}
   (You found it in an ice cave)

   [ring of ice]

   It enhances your ice magic.
   Str:       It affects your strength (+5).
   Dex:       It affects your dexterity (+9).
   Slay:      It affects your accuracy & damage with ranged weapons and melee
   (+3).
   rF:        It makes you vulnerable to fire.
   rC:        It protects you from cold.
   MP:        It affects your magic capacity (-9).
 W - a ring of flight
   (You found it on level 9 of the Dungeon)
 Z - the macabre finger necklace (around neck) {rN+}
   (You bought it in a shop on level 2 of the Snake Pit)

   [amulet of nothing]

   It enables you to equip an extra ring.
   rN:        It protects you from negative energy.
Wands
 a - a wand of paralysis (18)
   (You found it on level 7 of the Dungeon)
 j - a wand of mindburst (14)
   (You found it on level 11 of the Dungeon)
 B - a wand of flame (31)
   (You took it off an orc on level 7 of the Dungeon)
 D - a wand of digging (15)
   (You took it off Grinder on level 5 of the Dungeon)
 O - a wand of iceblast (53)
   (You took it off an orc wizard on level 6 of the Dungeon)
Scrolls
 b - a scroll of fog
 e - 18 scrolls of identify {@r1}
 l - 5 scrolls of enchant armour
 n - 2 scrolls of magic mapping {!r}
 r - a scroll of immolation {!r!r}
 w - 3 scrolls of teleportation {@r4}
 y - 6 scrolls of amnesia
 K - a scroll of fear (quivered)
 N - a scroll of silence {!r}
 T - 3 scrolls of poison {!r}
Potions
 g - 3 potions of cancellation
 h - 11 potions of flight
 m - 3 potions of heal wounds {@q2}
 o - 2 potions of invisibility
 p - 3 potions of magic
 q - 6 potions of haste {@q3}
 s - 14 potions of curing {@q1}
 u - a potion of attraction {!q}
 z - 4 potions of mutation {!q}
 L - 3 potions of lignification {!q}
 P - 5 potions of brilliance
 U - 4 potions of might
 X - 2 potions of berserk rage {!q}
Miscellaneous
 k - a piece from Xom's chessboard (15/15)
   (You found it on level 3 of the Snake Pit)
 E - a phantom mirror
   (You found it on level 11 of the Dungeon)
 Y - a lightning rod (4/4)
   (You found it on level 2 of the Snake Pit)

Dungeon Overview and Level Annotations

Branches:
Dungeon (15/15) Zot: 25022  Temple (1/1) D:4 Zot: 5647    Lair (5/5) D:11 Zot: 23023
  Swamp (4/4) Lair:3 Zot: 19246   Snake (3/4) Lair:2 Zot: 11824   Slime (0/5) Lair:5
    Orc (2/2) D:11 Zot: 9160     Elf (0/3) Orc:2        Vaults (0/5) D:14
 Depths (0/4) D:15        Ossuary (visited)           IceCv (visited)

Altars:
Ashenzari
Cheibriados
Dithmenos
Fedhas
Gozag
Hepliaklqana
Kikubaaqudgha
Makhleb
Nemelex Xobeh
Okawaru
Qazlal
Ru
Sif Muna
Trog
Uskayaw
Vehumet
Wu Jian
Xom
Yredelemnul
Jiyva

Shops:
D:1 [   D:10 *   D:11 (   Orc:2 [*!*   Snake:1 *?(   Snake:2 *=   Snake:3 [

Portals:
Abyss: Swamp:1

Annotations:
Lair:5 exclusion: obsidian statue
Swamp:1 2 transporters, Faubrul's ghost, journeyman DsCA
Swamp:4 Lernaean hydra

.♣♣♣♣ #### ♣♣
..~## ♣ .~≈## ♣
#...## .~.. #..#
~≈ #≈.# .≈# ##D~#
#.≈# ##8†##
#.~#####~☼##
#..♣.♣..##
#§.~.~## ##.≈.##
#.≈[# #.≈†# ♣♣♣♣♣♣
♣♣♣♣~~.♣♣
~~♣♣~♣♣♣~.....~♣♣♣


You could see the 27-headed Lernaean hydra.


Message History

You take 20 damage, and now have 32/202 hp.
Unknown command.
Okay, then.
Unknown command.
You feel much better. The 27-headed Lernaean hydra bites you.
* * * LOW HITPOINT WARNING * * *
You block the 27-headed Lernaean hydra's attack.
The 27-headed Lernaean hydra bites you but does no damage. x2
You block the 27-headed Lernaean hydra's attack.
The 27-headed Lernaean hydra bites you but does no damage.
The 27-headed Lernaean hydra closely misses you.
The 27-headed Lernaean hydra bites you.
* * * LOW HITPOINT WARNING * * *
The 27-headed Lernaean hydra completely misses you.
The 27-headed Lernaean hydra bites you.
* * * LOW HITPOINT WARNING * * *
The 27-headed Lernaean hydra bites you but does no damage. x2
The 27-headed Lernaean hydra closely misses you.
The 27-headed Lernaean hydra bites you but does no damage.
You block the 27-headed Lernaean hydra's attack.
The 27-headed Lernaean hydra bites you but does no damage.
You block the 27-headed Lernaean hydra's attack.
The 27-headed Lernaean hydra bites you but does no damage. x5
The 27-headed Lernaean hydra closely misses you.
The 27-headed Lernaean hydra bites you but does no damage.
The 27-headed Lernaean hydra barely misses you.
The 27-headed Lernaean hydra completely misses you.
The 27-headed Lernaean hydra bites you but does no damage. x2
The 27-headed Lernaean hydra barely misses you.
The 27-headed Lernaean hydra completely misses you.
The 27-headed Lernaean hydra bites you but does no damage. x2
The 27-headed Lernaean hydra barely misses you.
The 27-headed Lernaean hydra bites you!
* * * LOW HITPOINT WARNING * * *
The 27-headed Lernaean hydra bites you but does no damage. x2
The 27-headed Lernaean hydra bites you!
* * * LOW HITPOINT WARNING * * *
The 27-headed Lernaean hydra misses you.
The 27-headed Lernaean hydra bites you but does no damage. x2
The 27-headed Lernaean hydra barely misses you.
The 27-headed Lernaean hydra bites you but does no damage.
The 27-headed Lernaean hydra barely misses you.
The 27-headed Lernaean hydra bites you.
* * * LOW HITPOINT WARNING * * *
The 27-headed Lernaean hydra completely misses you.
The 27-headed Lernaean hydra barely misses you.
The 27-headed Lernaean hydra bites you.
* * * LOW HITPOINT WARNING * * *
The 27-headed Lernaean hydra bites you but does no damage.
The 27-headed Lernaean hydra bites you.
* * * LOW HITPOINT WARNING * * *
The 27-headed Lernaean hydra barely misses you.
The 27-headed Lernaean hydra completely misses you.
The 27-headed Lernaean hydra bites you but does no damage. x2
You block the 27-headed Lernaean hydra's attack. 😱 HP[-16]
You take 16 damage, and now have 16/202 hp.
Okay, then.
Unknown command.
Unknown command.
Casting: Statue Form (dangerous; 24% risk of failure)
Confirm with . or Enter, or press ? or * to list all spells.
Okay, then.
Unknown command.
Okay, then.
Unknown command.
Okay, then.
Unknown command.
Okay, then.
Unknown command.
Unknown command.
Read: 2 scrolls of fear
Press: ? - help, Q - select action, (/) - cycle Dir - look around, f - activate Look: the 27-headed Lernaean hydra (water, heavily wounded, chance to affect: 29%)
Okay, then.
Unknown command.
Unknown command.
Okay, then.
Unknown command.
Unknown command.
Okay, then.
Unknown command.
Okay, then.
Unknown command.
Okay, then.
Unknown command.
Unknown command.
As you read the scroll of fear, it crumbles to dust.
You assume a fearsome visage.
The 27-headed Lernaean hydra resists with some effort.
The 27-headed Lernaean hydra bites you but does no damage.
You block the 27-headed Lernaean hydra's attack.
The 27-headed Lernaean hydra bites you.
* * * LOW HITPOINT WARNING * * *
The 27-headed Lernaean hydra closely misses you.
The 27-headed Lernaean hydra bites you!
* * * LOW HITPOINT WARNING * * *
The 27-headed Lernaean hydra bites you but does no damage. x2
The 27-headed Lernaean hydra bites you!
You die...

Skill      XL: |  1  2  3  4  5  6  7  8  9 10 11 12 13 14 15 16 17 18 |
---------------+-------------------------------------------------------+-----
Unarmed Combat | 3 4 5 6 7 8 9 12 13 14 16 | 16.3
Armour         | 2 4 5 7 |  7.3
Dodging        | 2 4 5 8 11 | 11.2
Fighting       | 4 5 7 10 12 13 17 | 17.8
Transmutations | 4 7 9 |  9.6
Earth Magic    | 4 7 9 |  9.6
Spellcasting   | 4 7 8 |  8.5
Shields        | 6 12 | 12.6
Fire Magic     | |  2.6

Action                   |  1- 3 |  4- 6 |  7- 9 | 10-12 | 13-15 | 16-18 || total
-------------------------+-------+-------+-------+-------+-------+-------++-------
Melee: Unarmed           |   135 |   215 |   386 |   615 |  1203 |   701 ||  3255
       Punch             |     4 |     7 |    18 |    37 |   167 |    43 ||   276
       Whip              |    41 |       |       |       |       |       ||    41
       Tailslap          |       |    14 |    57 |    85 |   240 |   131 ||   527
 Cast: Petrify           |       |       |       |       |     4 |     2 ||     6
       Statue Form       |       |       |       |       |       |    49 ||    49
       Irradiate         |       |       |       |       |       |     1 ||     1
Invok: Rising Flame      |       |       |       |       |       |     1 ||     1
Evoke: Wand              |       |       |       |       |    10 |     5 ||    15
       Phantom mirror    |       |       |       |       |     2 |       ||     2
  Use: Potion            |     1 |     1 |     1 |     3 |     7 |     4 ||    17
       Scroll            |       |     3 |    18 |     6 |     8 |    16 ||    51
 Stab: Paralysed         |       |       |       |       |     6 |       ||     6
       Petrified         |       |       |       |       |     6 |     5 ||    11
Armor: Robe              |    48 |    24 |       |       |       |    26 ||    98
       Ring mail         |     3 |    46 |   119 |       |       |       ||   168
       Swamp dragon scal |       |       |    27 |   308 |   397 |    22 ||   754
       Skin              |       |       |       |     6 |       |   597 ||   603
       Leather armour    |       |       |       |       |    96 |       ||    96
Dodge: Dodged            |    92 |   102 |   144 |   335 |   520 |   696 ||  1889
Block: Kite shield       |       |       |       |       |       |   738 ||   738

Levels and vault maps discovered:
D:1:      zelgadis_glass_arrival_small, layout_loops_ring, serial_shops,
          nicolae_shop_advertising_works [nicolae_subvault_shop_adworks],
          minmay_quantized
D:2:      layout_basic
D:3:      layout_basic, minmay_misc_feat_diagonals, wad_floor_pattern_2,
          uniq_jessica, uniq_robin
D:4:      layout_basic, xom_teletrap_fun, temple_statues
D:5:      layout_rooms, minmay_fire_ice_demons, uniq_crazy_yiuf_cottage,
          uniq_prince_ribbit1, uniq_grinder
D:6:      layout_cave_pools, uniq_blork_the_orc
D:7:      layout_basic, nicolae_ossuary_entry_monument, uniq_maggie
D:8:      layout_basic, minmay_lizard_king
D:9:      minmay_quarter_circles, layout_stronghold
D:10:     layout_grid_maze, zin_purify, serial_shops, shop
D:11:     cheibrodos_wizards_tower, layout_loops_ring,
          grunt_lair_entry_orc_guard_hut, minmay_orc_entry_temple_large,
          serial_shops, kennysheep_little_box, kennysheep_generic_room_15
D:12:     layout_roguey, uniq_azrael
D:13:     layout_rooms
D:14:     minmay_coctagon, layout_small_grid, ximxim_vaults_locker_room,
          minmay_stone_trees_small, okawaru_altar_gauntlet_db, uniq_snorg
D:15:     hangedman_depths_entry_civil_slaughter, layout_irregular_city,
          nrook_pool_corridor, portal_ice_cave_entry_ice_simulacra,
          nicolae_qazlal_eye_of_the_storm
Temple:   mainiacjoe_temple_cubbyholes
Lair:1:   layout_hall_layers, infiniplex_staircase_pool_2
Lair:2:   layout_big_grid, minmay_snake_entry_guardpost_small,
          grunt_forest_stairs_clearing
Lair:3:   layout_misc_corridors, swamp_mist_pool, nicolae_quartered_pool_medium,
          grunt_forest_stairs_basic, beast_lair_carwin_5
Lair:4:   layout_hall_layers, grunt_megastairs_2
Lair:5:   due_jungle_book, layout_regular_city, dpeg_slime_entry_enclosed,
          grunt_megastairs_5
Swamp:1:  cheibrodos_swamp_monstrosity, layout_basic_swamp,
          gammafunk_ghost_abyssal_escape,
          nicolae_swamp_feature_on_the_river_bank, st_swamp_ruins_3
Swamp:2:  layout_basic_swamp, nicolae_swamp_some_circles
Swamp:3:  layout_falls_marsh, nicolae_swamp_fairy_circle, uniq_louise
Swamp:4:  swamp_basic_johnstein, layout_basic_swamp,
          nicolae_swamp_necromancer_hut
Snake:1:  layout_cave_pods, minmay_shop_star, grunt_megastairs_4
Snake:2:  gammafunk_sealed_library, layout_cave_shapes, serial_shops,
          nicolae_square_shop, minmay_shop_mass, nicolae_snake_scaly_snakehead
Snake:3:  layout_misc_corridors, serial_shops, shop, grunt_ministairs_7,
          lemuel_fruit_tree
Orc:1:    layout_diamond_mine
Orc:2:    grunt_orc_tribal_feast, layout_caves

Notes
Turn   | Place    | Note
-------+----------+-------------------------------------------
     0 | D:1      | MackTheKnife the Demonspawn Cinder Acolyte began the quest
                  | for the Orb.
     0 | D:1      | Reached XP level 1. HP: 18/18 MP: 2/2
     0 | D:1      | magus.rc [v1.9.6]
   142 | D:1      | Reached skill level 3 in Unarmed Combat
   211 | D:1      | Gained mutation: Your demonic aura sometimes causes spilled
                  | blood to erupt in flames. [demonic ancestry]
   211 | D:1      | Reached XP level 2. HP: 21/24 MP: 3/3
   219 | D:1      | Learned a level 2 spell: Scorch
   415 | D:1      | Found Daapopn's Armour Shoppe.
   432 | D:1      | Bought a +0 pair of gloves for 58 gold pieces
   885 | D:2      | Gained mutation: You are partially covered in molten
                  | scales. (AC +2) [demonic ancestry]
   885 | D:2      | Reached XP level 3. HP: 28/29 MP: 4/4
  1136 | D:2      | Reached skill level 4 in Unarmed Combat
  1184 | D:2      | HP: 6/29 [adder (2)]
  1403 | D:2      | Gained mutation: Your demonic aura often causes spilled
                  | blood to erupt in flames. [demonic ancestry]
  1403 | D:2      | Reached XP level 4. HP: 34/35 MP: 5/5
  1817 | D:3      | Noticed Robin
  1858 | D:3      | Killed Robin
  1898 | D:3      | Reached skill level 5 in Unarmed Combat
  2595 | D:4      | Gained mutation: You have a small tail. [demonic ancestry]
  2595 | D:4      | Reached XP level 5. HP: 41/41 MP: 6/6
  2688 | D:4      | Found a staircase to the Ecumenical Temple.
  2700 | Temple   | Entered the Ecumenical Temple
  3427 | D:4      | Found a shimmering altar of Xom.
  3639 | D:5      | Entered Level 5 of the Dungeon
  3689 | D:5      | Reached skill level 6 in Unarmed Combat
  3689 | D:5      | Gained mutation: Your demonic aura causes all spilled blood
                  | to erupt in flames. [demonic ancestry]
  3689 | D:5      | Reached XP level 6. HP: 35/47 MP: 4/7
  3885 | D:5      | Reached skill level 7 in Unarmed Combat
  3959 | D:5      | Noticed Grinder
  3977 | D:5      | Killed Grinder
  3978 | D:5      | Gained mutation: You have a tail ending in a sharp stinger.
                  | [demonic ancestry]
  3978 | D:5      | Reached XP level 7. HP: 46/52 MP: 8/8
  4196 | D:5      | Reached skill level 8 in Unarmed Combat
  4221 | D:5      | Noticed Prince Ribbit
  4243 | D:5      | Killed Prince Ribbit
  4244 | D:5      | Reached skill level 1 in Armour
  4244 | D:5      | Reached skill level 1 in Dodging
  4382 | D:5      | Reached skill level 4 in Fighting
  4382 | D:5      | Reached skill level 2 in Armour
  4382 | D:5      | Reached skill level 2 in Dodging
  4382 | D:5      | Gained mutation: You sometimes gain a little power by
                  | taking damage. [demonic ancestry]
  4382 | D:5      | Reached XP level 8. HP: 52/60 MP: 7/9
  4685 | D:5      | Found a runed translucent door.
  4686 | D:5      | Noticed Crazy Yiuf
  4692 | D:5      | Killed Crazy Yiuf
  4720 | D:6      | Noticed Blork the orc
  4726 | D:6      | Killed Blork the orc
  4733 | D:6      | Reached skill level 3 in Armour
  4733 | D:6      | Reached skill level 3 in Dodging
  4869 | D:6      | Reached skill level 5 in Fighting
  5178 | D:6      | HP: 15/63 [water moccasin (5)]
  5183 | D:6      | Reached skill level 4 in Dodging
  5187 | D:6      | HP: 15/63 [poisoned by a water moccasin]
  5461 | D:6      | Reached skill level 4 in Armour
  5853 | D:7      | You pick up a book of Beasts and begin reading...
  5853 | D:7      | You add the spells Summon Ice Beast, Summon Mana Viper and
                  | Monstrous Menagerie to your library.
  5878 | D:7      | Reached XP level 9. HP: 62/69 MP: 8/10
  5878 | D:7      | Found a sand-covered staircase.
  5885 | Ossuary  | Entered an ossuary
  6037 | Ossuary  | Reached skill level 6 in Fighting
  6252 | D:7      | Reached skill level 5 in Dodging
  6272 | D:7      | Reached skill level 5 in Armour
  6364 | D:7      | Noticed Maggie
  6376 | D:7      | Killed Maggie
  6377 | D:7      | Reached skill level 7 in Fighting
  6886 | D:8      | Reached skill level 9 in Unarmed Combat
  7219 | D:8      | Reached XP level 10. HP: 72/75 MP: 11/11
  7225 | D:8      | Reached skill level 10 in Unarmed Combat
  7609 | D:8      | Reached skill level 11 in Unarmed Combat
  8721 | D:9      | Reached skill level 12 in Unarmed Combat
  9113 | D:9      | Reached XP level 11. HP: 60/84 MP: 8/12
  9583 | D:9      | Reached skill level 13 in Unarmed Combat
  9596 | D:9      | Noticed a catoblepas
  9613 | D:9      | Killed a catoblepas
  9848 | D:9      | HP: 18/84 [freezing wraith (16)]
  9862 | D:9      | You pick up a book of Debilitation and begin reading...
  9862 | D:9      | You add the spells Slow, Vampiric Draining and Confusing
                  | Touch to your library.
 10196 | D:10     | Entered Level 10 of the Dungeon
 10246 | D:10     | Found Zin's Purification Station.
 10254 | D:10     | Bought a potion of curing for 90 gold pieces
 10377 | D:10     | Gained mutation: You possess an exceptional clarity of
                  | mind. [potion of mutation]
 10429 | D:10     | Noticed a centaur warrior
 10435 | D:10     | Killed a centaur warrior
 10436 | D:10     | Reached skill level 8 in Fighting
 11005 | D:10     | Found Abuvec's Assorted Antiques.
 11018 | D:10     | Identified the +3 trident of Valour {vorpal, rCorr Int+7
                  | Dex-4 Stlth+}
 11293 | D:11     | Noticed a brown ugly thing
 11298 | D:11     | Noticed an orc sorcerer
 11305 | D:11     | Killed a brown ugly thing
 11306 | D:11     | Reached skill level 9 in Fighting
 11316 | D:11     | Killed an orc sorcerer
 11412 | D:11     | Found a staircase to the Lair.
 11501 | D:11     | Found a staircase to the Orcish Mines.
 11653 | D:11     | Noticed a two-headed ogre
 11666 | D:11     | Reached skill level 10 in Fighting
 11667 | D:11     | Killed a two-headed ogre
 11748 | D:11     | You add the spells Sublimation of Blood, Frozen Ramparts
                  | and Borgnjor's Vile Clutch to your library.
 11748 | D:11     | Got the Handbook of Quantum Leap
 11978 | D:11     | Found Anosmur's Antique Weapon Shop.
 11985 | D:11     | You pick up a book of Sloth and begin reading...
 11985 | D:11     | You add the spells Petrify, Metabolic Englaciation and
                  | Statue Form to your library.
 12011 | D:11     | Noticed a two-headed ogre
 12017 | D:11     | Killed a two-headed ogre
 12018 | D:11     | Reached XP level 12. HP: 92/99 MP: 13/13
 12141 | D:11     | Reached skill level 11 in Fighting
 12319 | D:11     | Noticed a two-headed ogre
 12328 | D:11     | Killed a two-headed ogre
 12533 | Lair:1   | Entered Level 1 of the Lair of Beasts
 12961 | Lair:1   | Reached skill level 12 in Fighting
 13675 | Lair:2   | Noticed a seven-headed hydra
 13686 | Lair:2   | Killed a seven-headed hydra
 13696 | Lair:2   | Reached skill level 6 in Armour
 13696 | Lair:2   | Reached skill level 6 in Dodging
 13754 | Lair:2   | You pick up a book of Rime and begin reading...
 13916 | Lair:2   | Found a staircase to the Snake Pit.
 14092 | Lair:2   | You pick up a book of Touch and begin reading...
 14092 | Lair:2   | You add the spells Kiss of Death and Dispel Undead to your
                  | library.
 14332 | Lair:3   | Noticed a death yak
 14349 | Lair:3   | Killed a death yak
 14350 | Lair:3   | Reached skill level 7 in Armour
 14350 | Lair:3   | Reached skill level 7 in Dodging
 14670 | Lair:3   | Found a staircase to the Swamp.
 14705 | Lair:3   | Noticed a death yak
 14707 | Lair:3   | Noticed a death yak
 14707 | Lair:3   | Noticed a death yak
 14707 | Lair:3   | Noticed a death yak
 14708 | Lair:3   | Noticed a death yak
 14711 | Lair:3   | Killed a death yak
 14712 | Lair:3   | Reached skill level 8 in Dodging
 14712 | Lair:3   | Gained mutation: You have a sharp stinger which inflicts
                  | weakening toxins. [demonic ancestry]
 14712 | Lair:3   | Reached XP level 13. HP: 88/109 MP: 12/14
 14971 | Lair:3   | Reached skill level 9 in Dodging
 15473 | Lair:4   | You pick up a book of Spectacle and begin reading...
 15473 | Lair:4   | You add the spells Dazzling Flash, Iskenderun's Mystic
                  | Blast and Starburst to your library.
 15499 | Lair:4   | Reached skill level 10 in Dodging
 15961 | Lair:4   | You pick up a book of Touch and begin reading...
 16271 | Lair:5   | Entered Level 5 of the Lair of Beasts
 16299 | Lair:5   | Reached skill level 11 in Dodging
 16508 | Lair:5   | Noticed a dire elephant
 16508 | Lair:5   | Noticed a dire elephant
 16508 | Lair:5   | Noticed a dire elephant
 16511 | Lair:5   | Reached skill level 14 in Unarmed Combat
 17341 | Lair:5   | Found a viscous altar of Jiyva.
 17341 | Lair:5   | Found a staircase to the Slime Pits.
 17802 | Lair:5   | Reached XP level 14. HP: 99/116 MP: 13/15
 17895 | Lair:5   | Reached skill level 15 in Unarmed Combat
 18600 | Orc:1    | Entered Level 1 of the Orcish Mines
 18951 | Orc:1    | Reached skill level 16 in Unarmed Combat
 19295 | Orc:2    | Entered Level 2 of the Orcish Mines
 19307 | Orc:2    | Learned a level 6 spell: Statue Form
 19500 | Orc:2    | Found a staircase to the Elven Halls.
 19563 | Orc:2    | Paralysed by an orc sorcerer for 3 turns
 19578 | Orc:1    | Reached skill level 1 in Transmutations
 19581 | Orc:1    | Reached skill level 1 in Earth Magic
 19756 | Orc:2    | Noticed an orc warlord
 19929 | Orc:2    | Killed an orc warlord
 19930 | Orc:2    | Reached skill level 2 in Spellcasting
 19957 | Orc:2    | Noticed an orc warlord
 20085 | Orc:2    | Killed an orc warlord
 20086 | Orc:2    | Reached skill level 2 in Transmutations
 20086 | Orc:2    | Reached skill level 2 in Earth Magic
 20817 | Orc:2    | Reached skill level 3 in Spellcasting
 20993 | Orc:2    | Reached skill level 3 in Transmutations
 20993 | Orc:2    | Reached skill level 3 in Earth Magic
 21404 | Orc:2    | Found Jang's Distillery.
 21404 | Orc:2    | Found Nicwoi's General Store.
 21406 | Orc:2    | Found Faluesh's Armour Boutique.
 21406 | Orc:2    | Found Irphur's Assorted Antiques.
 21415 | Orc:2    | Bought a scroll of teleportation for 102 gold pieces
 21423 | Orc:2    | Bought a scroll of fear for 136 gold pieces
 21426 | Orc:2    | Bought a potion of curing for 39 gold pieces
 21426 | Orc:2    | Bought a potion of curing for 39 gold pieces
 21426 | Orc:2    | Bought a potion of might for 52 gold pieces
 21426 | Orc:2    | Bought a potion of haste for 130 gold pieces
 21426 | Orc:2    | Bought 2 potions of haste for 260 gold pieces
 21552 | D:12     | Learned a level 4 spell: Petrify
 21678 | D:12     | Reached skill level 4 in Spellcasting
 21960 | D:12     | Reached skill level 4 in Transmutations
 21960 | D:12     | Reached skill level 4 in Earth Magic
 22117 | D:12     | Identified the +5 ring mail of Yesterday {+Inv}
 22181 | D:12     | Noticed Azrael
 22231 | D:12     | Killed Azrael
 22533 | D:13     | Gained mutation: You are mostly covered in molten scales.
                  | (AC +3) [demonic ancestry]
 22533 | D:13     | Reached XP level 15. HP: 84/122 MP: 17/21
 23175 | D:13     | Reached skill level 5 in Spellcasting
 23343 | D:14     | Reached skill level 5 in Transmutations
 23343 | D:14     | Reached skill level 5 in Earth Magic
 23443 | D:14     | Noticed Snorg
 23455 | D:14     | Killed Snorg
 23479 | D:14     | Found an iron altar of Okawaru.
 23505 | D:14     | Identified the +9 broad axe of Chaos {freeze, rC+}
 23505 | D:14     | Noticed a frost giant
 23727 | D:14     | You pick up a book of Rime and begin reading...
 23730 | D:14     | You pick up a book of Winter and begin reading...
 23730 | D:14     | You add the spells Ozocubu's Armour and Simulacrum to your
                  | library.
 23732 | D:14     | You pick up a book of Rime and begin reading...
 24081 | D:14     | Reached skill level 6 in Spellcasting
 24176 | D:14     | Identified the +3 dagger of Sharkskin {freeze, rN+ Int+3}
 24197 | D:14     | Reached skill level 6 in Transmutations
 24202 | D:14     | Killed a frost giant
 24203 | D:14     | Reached skill level 6 in Earth Magic
 24696 | D:14     | Found a gate to the Vaults.
 24754 | D:15     | Entered Level 15 of the Dungeon
 24816 | D:15     | Found a frozen archway.
 24826 | D:15     | HP: 26/122 [spriggan defender simulacrum (6)]
 25109 | D:15     | HP: 25/122 [wind drake (shapeshifter)/the air (15)]
 25367 | IceCv    | Entered an ice cave
 25687 | IceCv    | Reached skill level 7 in Spellcasting
 25805 | IceCv    | Noticed an azure jelly
 25830 | IceCv    | HP: 30/122 [azure jelly[an orange crystal statue] (8)]
 26013 | IceCv    | Reached skill level 7 in Transmutations
 26049 | IceCv    | Reached skill level 7 in Earth Magic
 26418 | IceCv    | HP: 26/122 [quicksilver ooze (6)]
 26679 | IceCv    | Noticed a rockslime
 26695 | IceCv    | Killed a rockslime
 26699 | IceCv    | Found a viscous altar of Jiyva.
 26699 | IceCv    | Noticed an azure jelly
 26710 | IceCv    | Killed an azure jelly
 26767 | IceCv    | Noticed an azure jelly
 26767 | IceCv    | Noticed an azure jelly
 26790 | IceCv    | Killed an azure jelly
 26807 | IceCv    | Killed an azure jelly
 26863 | IceCv    | Got the ring of Zurph {Ice MP-9 Str+5 Dex+9 Slay+3}
 26866 | IceCv    | Got the ring "Uttofrel" {Ice rN+ rCorr Dex+4}
 27036 | D:15     | Identified a scroll of acquirement
 27036 | D:15     | Acquired a ring of wizardry
 27110 | D:15     | Reached XP level 16. HP: 78/128 MP: 18/27
 27291 | D:15     | Found a stormy altar of Qazlal.
 27305 | D:15     | You pick up a book of Winter and begin reading...
 27377 | D:15     | Reached skill level 8 in Spellcasting
 27507 | D:15     | Reached skill level 8 in Transmutations
 27510 | D:15     | Reached skill level 8 in Earth Magic
 27706 | Orc:2    | Bought a +2 pair of boots for 198 gold pieces
 28096 | D:15     | Found a staircase to the Depths.
 28528 | Snake:1  | Entered Level 1 of the Snake Pit
 29037 | Snake:1  | Found Fuppoiseiz's General Store.
 29040 | Snake:1  | Found Dior's Magic Scroll Shop.
 29042 | Snake:1  | Found Viosumat's Antique Weapon Boutique.
 29073 | Snake:1  | Bought a scroll of teleportation for 57 gold pieces
 29075 | Snake:1  | Bought a scroll of teleportation for 48 gold pieces
 29079 | Snake:1  | Bought a scroll of acquirement for 832 gold pieces
 29079 | Snake:1  | Acquired the +18 shield of the Gong {rElec rN+ Will+ EV-5}
 29079 | Snake:1  | Found the +18 shield of the Gong {rElec rN+ Will+ EV-5}
 29649 | Snake:1  | Reached skill level 9 in Transmutations
 29649 | Snake:1  | Reached skill level 9 in Earth Magic
 30474 | Snake:2  | Found Ylomumal's Mass Market.
 30669 | Snake:2  | Reached skill level 1 in Shields
 30721 | Snake:2  | Reached skill level 2 in Shields
 30759 | Snake:2  | Identified the +1 leather armour "Semunnej" {Fly Dex+4}
 30769 | Snake:2  | Reached skill level 3 in Shields
 30787 | Snake:2  | Reached skill level 4 in Shields
 30834 | Snake:2  | Reached skill level 5 in Shields
 31116 | Snake:2  | Reached skill level 6 in Shields
 31132 | Snake:2  | HP: 33/166 [naga sharpshooter/bolt (21)]
 31139 | Snake:2  | HP: 36/166 [salamander mystic/+0 quarterstaff (1)]
 31483 | Snake:2  | Found Leozemis's Jewellery Boutique.
 31493 | Snake:2  | Bought the macabre finger necklace {rN+} for 600 gold
                  | pieces
 31493 | Snake:2  | Found the macabre finger necklace {rN+}
 31602 | Snake:2  | Gained mutation: You sometimes gain power by taking damage.
                  | [demonic ancestry]
 31602 | Snake:2  | Reached XP level 17. HP: 134/134 MP: 14/29
 31604 | Snake:2  | Reached skill level 7 in Shields
 31644 | Snake:2  | Found a transporter.
 31647 | Snake:2  | Found a radiant altar of Vehumet.
 31738 | Snake:2  | HP: 28/174 [salamander tyrant (22)]
 31744 | Snake:2  | Reached skill level 8 in Shields
 32276 | Snake:2  | You pick up a book of Alchemy and begin reading...
 32278 | Snake:2  | You pick up a book of Conjurations {@e2} and begin
                  | reading...
 32278 | Snake:2  | You add the spells Magic Dart, Searing Ray and Fulminant
                  | Prism to your library.
 32280 | Snake:2  | You add the spells Alistair's Intoxication and Eringya's
                  | Noxious Bog to your library.
 32289 | Snake:2  | You pick up a book of Flames and begin reading...
 32289 | Snake:2  | You add the spells Inner Flame, Sticky Flame and Flame Wave
                  | to your library.
 32312 | Snake:2  | Found a transporter.
 32493 | Snake:3  | Reached skill level 9 in Shields
 32699 | Snake:3  | Found Gybes's Antique Armour Shop.
 32971 | Snake:3  | You add the spells Summon Forest and Summon Hydra to your
                  | library.
 32978 | Snake:3  | Learned a level 5 spell: Irradiate
 33028 | Snake:3  | You pick up a book of Callings and begin reading...
 33028 | Snake:3  | You add the spells Summon Small Mammal, Call Canine
                  | Familiar and Summon Guardian Golem to your library.
 33057 | Snake:3  | HP: 42/174 [constriction (2)]
 33059 | Snake:3  | Reached skill level 10 in Shields
 33068 | Snake:3  | HP: 42/174 [naga sharpshooter/arrow (8)]
 33074 | Snake:3  | HP: 38/174 [naga/+0 mace (9)]
 33438 | Snake:3  | Reached skill level 11 in Shields
 34254 | Swamp:1  | Entered Level 1 of the Swamp
 34596 | Swamp:1  | Reached skill level 12 in Shields
 35196 | Swamp:1  | Found a transporter.
 35198 | Swamp:1  | Noticed Faubrul's ghost (journeyman DsCA)
 35207 | Swamp:1  | Found a transporter.
 35207 | Swamp:1  | Found a one-way gate to the infinite horrors of the Abyss.
 35225 | Swamp:1  | Identified the ring of the Messenger {rC+ Dex+2 SInv}
 35432 | Swamp:1  | Identified the +7 hand axe of Death's Door {vorpal, rF-
                  | rCorr MP-9 SInv}
 35576 | Swamp:1  | You pick up a book of Frost and begin reading...
 35576 | Swamp:1  | You add the spells Freeze and Hailstorm to your library.
 35719 | Swamp:1  | Noticed a tentacled monstrosity
 35961 | Swamp:2  | HP: 29/174 [spriggan druid/stone arrow (23)]
 36935 | Swamp:2  | Reached skill level 13 in Fighting
 37481 | Swamp:3  | Gained mutation: Your magical and physical power is
                  | slightly enhanced at high health. [demonic ancestry]
 37481 | Swamp:3  | Reached XP level 18. HP: 145/145 MP: 21/30
 37816 | Swamp:3  | Noticed Louise
 38029 | Swamp:3  | Reached skill level 14 in Fighting
 38047 | Swamp:3  | Killed Louise
 38376 | Swamp:3  | magus.rc [v1.9.6]
 38403 | Swamp:4  | Entered Level 4 of the Swamp
 38411 | Swamp:4  | Noticed a tentacled monstrosity
 38421 | Swamp:4  | Killed a tentacled monstrosity
 38425 | Swamp:4  | Reached skill level 15 in Fighting
 39047 | Swamp:4  | Reached skill level 16 in Fighting
 39397 | Swamp:4  | Reached skill level 17 in Fighting
 39429 | Swamp:4  | Noticed the 27-headed Lernaean hydra
 39436 | Swamp:4  | HP: 49/202 [the 27-headed Lernaean hydra (3)]
 39437 | Swamp:4  | HP: 22/202 [the 27-headed Lernaean hydra (5)]
 39438 | Swamp:4  | HP: 2/202 [the 27-headed Lernaean hydra (12)]
 39438 | Swamp:4  | Slain by the 27-headed Lernaean hydra

Vanquished Creatures
  A tentacled monstrosity (Swamp:4)
  3 azure jellies (IceCv)
  A frost giant (D:14)
  3 nagarajas (Snake:2)
  A rockslime (IceCv)
  Louise (Swamp:3)
  2 orc warlords (Orc:2)
  5 quicksilver oozes (IceCv)
  3 eleionomae (Swamp:4)
  3 dire elephants (Lair:5)
  4 bunyips
  Azrael (D:12)
  Snorg (D:14)
  An ettin (D:15)
  22 hydras
  3 vault guards (D:14)
  5 salamander tyrants (Snake:2)
  A catoblepas (D:9)
  3 ghost crabs
  2 ogre magi
  3 boulder beetles
  18 anacondas
  4 centaur warriors
  15 two-headed ogres
  10 death yaks
  6 alligators
  9 naga warriors
  3 tengu warriors
  3 orc high priests (Orc:2)
  7 naga sharpshooters
  4 shock serpents
  8 goliath frogs
  2 spectral death yaks (Lair:5)
  5 salamander mystics (Snake:2)
  A spectral anaconda (Lair:5)
  13 naga ritualists
  10 bog bodies
  A deep troll (D:15)
  An orange crystal statue (IceCv)
  13 swamp dragons
  5 spriggan druids
  5 necromancers
  2 spriggan simulacra (D:15)
  2 deep elf pyromancers (D:13)
  11 mana vipers
  7 orc sorcerers
  4 orc knights (Orc:2)
  21 slime creatures
  4 will-o-the-wisps
  26 ugly things
  5 cyclopes
  7 salamanders
  2 manticores
  37 black mambas
  6 elephants (Lair:5)
  2 dire elephant skeletons (Lair:5)
  21 naga magi
  4 guardian serpents
  2 gargoyles
  A torpor snail (Lair:3)
  10 cane toads
  Maggie (D:7)
  4 kobold demonologists
  An anaconda simulacrum (D:15)
  3 rime drakes
  An efreet (D:14)
  3 freezing wraiths
  7 komodo dragons
  A bunyip simulacrum (Swamp:4)
  2 tyrant leeches (Swamp:1)
  A meliai (D:9)
  6 trolls
  2 polar bears (Lair:2)
  3 hornets
  A bloated husk (Swamp:4)
  18 blink frogs
  Prince Ribbit (D:5)
  A wind drake (shapeshifter) (D:15)
  2 wolf spider simulacra
  A spectral elephant (Lair:5)
  Grinder (D:5)
  An alligator zombie (Swamp:4)
  9 dream sheep
  4 vampires
  2 centaur simulacra (D:14)
  2 shadows
  2 wraiths
  5 spriggans
  33 yaks
  3 wyverns
  2 fire elementals (D:12)
  7 basilisks
  A dire elephant simulacrum (D:15)
  9 humans (D:14)
  A steam dragon (D:9)
  3 vampire mosquitoes (Swamp:2)
  30 nagas
  4 minotaur simulacra (D:15)
  16 swamp worms
  14 water moccasins
  2 wargs (Orc:2)
  2 acid dragons
  6 hell hounds (D:12)
  33 orc warriors
  A hydra simulacrum (Swamp:4)
  An elephant zombie (Lair:5)
  7 great orb of eyes simulacra (IceCv)
  A meliai simulacrum (D:14)
  8 swamp drakes
  13 ogres
  13 wolves
  4 black bears
  A swamp dragon zombie (Swamp:4)
  12 centaurs
  2 phantoms
  3 slime creature simulacra (IceCv)
  3 kobold brigands
  16 bullfrogs
  Blork the orc (D:6)
  3 elf zombies (Ossuary)
  A gnoll sergeant (D:9)
  2 necrophages
  5 scorpions
  4 glowing shapeshifter simulacra (IceCv)
  A cane toad simulacrum (Lair:5)
  13 wights
  A swamp dragon simulacrum (Swamp:4)
  13 killer bees
  An electric eel (D:15)
  5 howler monkeys
  A crimson imp (D:5)
  19 orc priests
  4 centaur zombies (Ossuary)
  5 human zombies (Ossuary)
  Crazy Yiuf (D:5)
  3 gnoll boudas
  A jelly (D:5)
  11 iguanas
  30 orc wizards
  3 mummies (Ossuary)
  Robin (D:3)
  8 adders
  9 gnolls
  4 white imps
  2 worms (D:2)
  4 dart slugs
  81 orcs
  6 endoplasms
  3 giant cockroaches
  18 goblins
  12 hobgoblins
  9 jackals
  6 quokkas
  8 ball pythons
  2 bats
  3 frilled lizards
  16 kobolds
  6 rats
1048 creatures vanquished.

Vanquished Creatures (collateral kills)
  A frilled lizard (D:8)
1 creature vanquished.

Vanquished Creatures (others)
  2 hydras
  A spriggan (Swamp:1)
  A black mamba (Snake:3)
  A hornet (Swamp:1)
  6 bloated husks
  A glowing shapeshifter simulacrum (IceCv)
  A kobold (D:12)
  18 foxfires
  11 fungi
  17 plants
  18 withered plants (Lair:5)
77 creatures vanquished.

Grand Total: 1126 creatures vanquished

Table legend:
 A = Non-vault XP
 B = Vault XP
 C = Vault XP percentage of total XP
 D = Non-vault monster count
 E = Vault monster count
 F = Vault count percentage of total count
                 A         B        C        D         E       F
            +---------+---------+-------+---------+---------+-------
      Total |  214063 |  115684 |  35.1 |     718 |     334 |  31.7
            +---------+---------+-------+---------+---------+-------
        D:1 |      33 |       4 |  10.8 |      19 |       3 |  13.6
        D:2 |      73 |       0 |   0.0 |      17 |       0 |   0.0
        D:3 |      51 |      33 |  39.3 |      21 |      11 |  34.4
        D:4 |     135 |       0 |   0.0 |      17 |       0 |   0.0
        D:5 |     922 |     635 |  40.8 |      29 |       5 |  14.7
        D:6 |     752 |      91 |  10.8 |      13 |       1 |   7.1
        D:7 |     611 |     376 |  38.1 |      17 |       1 |   5.6
        D:8 |    2890 |     492 |  14.5 |      34 |       7 |  17.1
        D:9 |    1240 |    5341 |  81.2 |      13 |      34 |  72.3
       D:10 |    2254 |       0 |   0.0 |      13 |       0 |   0.0
       D:11 |    4836 |    1800 |  27.1 |      14 |      28 |  66.7
       D:12 |    4940 |    2243 |  31.2 |      16 |       9 |  36.0
       D:13 |    6513 |     372 |   5.4 |      19 |       1 |   5.0
       D:14 |   13752 |    7667 |  35.8 |      24 |      24 |  50.0
       D:15 |   15658 |    6783 |  30.2 |      31 |      14 |  31.1
     Lair:1 |    2363 |       0 |   0.0 |       9 |       0 |   0.0
     Lair:2 |    6606 |    1478 |  18.3 |      28 |       9 |  24.3
     Lair:3 |    9327 |     674 |   6.7 |      21 |       5 |  19.2
     Lair:4 |    7473 |     812 |   9.8 |      24 |       3 |  11.1
     Lair:5 |    8745 |   13539 |  60.8 |      27 |      28 |  50.9
    Swamp:1 |   11154 |    1947 |  14.9 |      22 |       3 |  12.0
    Swamp:2 |   12636 |       0 |   0.0 |      24 |       0 |   0.0
    Swamp:3 |    6417 |    1175 |  15.5 |      12 |       1 |   7.7
    Swamp:4 |   14053 |   18999 |  57.5 |      20 |      33 |  62.3
    Snake:1 |   19013 |    1270 |   6.3 |      35 |       2 |   5.4
    Snake:2 |   19666 |   25738 |  56.7 |      35 |      36 |  50.7
    Snake:3 |   26616 |    1641 |   5.8 |      60 |       2 |   3.2
      Orc:1 |    6606 |       0 |   0.0 |      36 |       0 |   0.0
      Orc:2 |    7153 |    7664 |  51.7 |      63 |      30 |  32.3
    Ossuary |       0 |     742 | 100.0 |       0 |      15 | 100.0
      IceCv |    1575 |   14168 |  90.0 |       5 |      29 |  85.3
            +---------+---------+-------+---------+---------+-------

Illustrated notes

Table legend:
 A = Kills in this place as a percentage of kills in entire the game.
 B = Kills by you in this place as a percentage of kills by you in the entire game.
 C = Kills by friends in this place as a percentage of kills by friends in the entire game.
 D = Other kills in this place as a percentage of other kills in the entire game.
 E = Experience gained in this place as a percentage of experience gained in the entire game.
 F = Experience gained in this place divided by the number of levels of this place that you have seen.
                   A       B       C       D       E      F
               +-------+-------+-------+-------+-------+----------------------
         Total | 100.0 | 100.0 | 100.0 | 100.0 | 100.0 | 10304.6
       Dungeon |  41.3 |  41.4 | 100.0 |   0.0 |  24.4 | 5366.5
          Lair |  14.6 |  14.7 |   0.0 |   0.0 |  15.5 | 10203.4
         Swamp |  10.9 |  10.8 |   0.0 |  66.7 |  20.1 | 16595.2
     Snake Pit |  16.2 |  16.1 |   0.0 |  33.3 |  28.5 | 31314.7
  Orcish Mines |  12.3 |  12.3 |   0.0 |   0.0 |   6.5 | 10711.5
       Ossuary |   1.4 |   1.4 |   0.0 |   0.0 |   0.2 | 742.0
      Ice Cave |   3.2 |   3.2 |   0.0 |   0.0 |   4.8 | 15743.0
               +-------+-------+-------+-------+-------+----------------------

Table legend: (Time is in decaauts)
 A = Elapsed time spent in this place.
 B = Non-inter-level travel time spent in this place.
 C = Inter-level travel time spent in this place.
 D = Time resting spent in this place.
 E = Time spent auto-exploring this place.
 F = Levels seen in this place.
 G = Mean time per level.
                   A        B        C        D        E       F      G
               +--------+--------+--------+--------+--------+-----+--------+
         Total |  39961 |  37243 |   2718 |   9800 |  19199 |  32 | 1248.8 |
       Dungeon |  17033 |  16013 |   1020 |   2422 |  10573 |  15 | 1135.5 |
        Temple |    352 |    302 |     50 |      0 |    288 |   1 |  352.0 |
          Lair |   6976 |   6348 |    628 |   1816 |   3418 |   5 | 1395.2 |
         Swamp |   4752 |   4598 |    154 |   2106 |   1440 |   4 | 1188.0 |
     Snake Pit |   6176 |   5536 |    640 |   1658 |   2623 |   3 | 2058.7 |
  Orcish Mines |   2839 |   2614 |    225 |    916 |    743 |   2 | 1419.5 |
       Ossuary |    247 |    247 |      0 |      0 |     71 |   1 |  247.0 |
      Ice Cave |   1582 |   1582 |      0 |    881 |     42 |   1 | 1582.0 |
               +--------+--------+--------+--------+--------+-----+--------+

Top non-repeatable levels by time:
 Snake:2: 2757 daAuts
  Lair:5: 2155 daAuts
 Snake:1: 2027 daAuts
   Orc:2: 1954 daAuts
    D:14: 1772 daAuts
  Lair:3: 1766 daAuts
     D:9: 1752 daAuts
    D:11: 1685 daAuts
   IceCv: 1582 daAuts
     D:8: 1564 daAuts
 Swamp:1: 1435 daAuts
 Snake:3: 1390 daAuts
 Swamp:3: 1359 daAuts
    D:15: 1224 daAuts
  Lair:1: 1080 daAuts
